 Dungeon Crawl Stone Soup version 0.30-a0-166-g5d06c95188 (webtiles) character file.

Game seed: 4803129344462660653

1320 qw the Cleaver (level 8, -2/49 HPs)
             Began as a Gargoyle Fighter on Sept 28, 2022.
             Was a Follower of Okawaru.
             Slain by Maggie
             ... wielding a +2 halberd of flaming
              (13 damage)
             ... on level 7 of the Dungeon.
             The game lasted 00:01:58 (6740 turns).

qw the Cleaver (Gargoyle Fighter)                   Turns: 6740, Time: 00:01:58

Health: -2/49      AC: 20    Str: 23 (24) XL:     8   Next: 59%
Magic:  7/9        EV: 10    Int: 14      God:    Okawaru [*.....]
Gold:   321        SH:  6    Dex: 12 (13) Spells: 7/7 levels left

rFire   + + .      SeeInvis .    Y - +0 war axe
rCold   . . .      Faith    .    c - +0 buckler
rNeg    + . .      Spirit   .    t - +0 chain mail
rPois   inf        Reflect  .    u - +0 helmet
rElec   +          Harm     .    s - scarf {rC+ rF+}
rCorr   .          Rampage  .    h - +1 pair of gloves
Will    .....                    (no boots)
Stlth   ..........               (no amulet)
HPRegen 0.16/turn                m - +4 ring of slaying {mikee}
MPRegen 0.11/turn                q - ring of Tos Cugu {Fire Str+3 Int+4 Dex+4}

@: heroic, mesmerised
A: sickness immunity, AC +5, negative energy resistance 1, electricity
resistance, torment resistance 1, petrification resistance
a: Renounce Religion, Heroism


You were on level 7 of the Dungeon.
You worshipped Okawaru.
Okawaru was aware of your devotion.
You visited 2 branches of the dungeon, and saw 8 of its levels.

You collected 321 gold pieces.


Innate Abilities, Weirdness & Mutations

You are immune to sickness and miasma.
Your stone body is resilient. (AC +5)
You are immune to poison.
You resist negative energy. (rN+)
You are resistant to electric shocks. (rElec)
You are resistant to unholy torment.
You are immune to petrification.


   Skills:
 - Level 5.1(10.1) Fighting
 - Level 8.1(13.1) Axes
 - Level 2.2(7.2) Throwing
 + Level 3.2(8.2) Armour
 - Level 1.2(6.2) Dodging
 - Level 3.2(8.2) Shields
 + Level 2.0 Invocations


You had 7 spell levels left.
You didn't know any spells.
Your spell library was empty.

Inventory:

Hand Weapons
 o - a +0 flail
 Y - a +0 war axe (weapon)
Missiles
 g - 12 boomerangs (quivered)
Armour
 c - a +0 buckler (worn)
 h - a +1 pair of gloves (worn)
 s - a scarf of resistance (worn)
 t - a +0 chain mail (worn)
 u - a +0 helmet (worn)
Jewellery
 j - a ring of ice
 m - a +4 ring of slaying (left hand) {mikee}
 q - the ring of Tos Cugu (right hand) {Fire Str+3 Int+4 Dex+4}
   (You found it on level 4 of the Dungeon)

   [ring of fire]

   It enhances your fire magic.
   Str:       It affects your strength (+3).
   Int:       It affects your intelligence (+4).
   Dex:       It affects your dexterity (+4).
   rF:        It protects you from fire.
   rC:        It makes you vulnerable to cold.
Scrolls
 n - a scroll of identify
Potions
 a - a potion of attraction
 d - a potion of might
 f - a potion of flight {unknown}
 i - a potion of haste {unknown}
 k - 5 potions of curing
 l - a potion of resistance {unknown}
 r - a potion of mutation {unknown}

Dungeon Overview and Level Annotations

Branches:
Dungeon (7/15)             Temple (1/1) D:5

Altars:
Ashenzari
Cheibriados
Elyvilon
Gozag
Hepliaklqana
Kikubaaqudgha
Okawaru
Ru
Sif Muna
Trog
Vehumet
Xom
The Shining One

Shops:
D:3 =

Annotations:
D:6 Blork the orc
D:7 Maggie


Message History

Maggie hits you but does no damage.
You feel your strength returning.
You feel your intelligence returning.
Your Axes skill increases to level 8!
Maggie barely misses you.
You hit Maggie but do no damage. Maggie hits you but does no damage.
Maggie hits you with a +2 halberd of flaming!
Maggie burns you.
6732 ||| INVOKING Heroism.
You gain the combat prowess of a mighty hero.
Maggie practices a pose.
Maggie closely misses you.
You slash Maggie!
Maggie is lightly wounded.
You slash Maggie!
Maggie is heavily wounded.
Maggie hits you with a +2 halberd of flaming.
You hit Maggie.
Maggie is heavily wounded.
Maggie hits you but does no damage.
You slice Maggie!!
Maggie is severely wounded.
Maggie mumbles some strange words.
Maggie attempts to bespell you!
You are mesmerised by Maggie!
You hit Maggie but do no damage.
Maggie is severely wounded.
Maggie says, "Fear not.
I will immortalize you in the tale of my first kill."
Maggie hits you with a +2 halberd of flaming.
You slash Maggie!
Maggie is almost dead.
Maggie drinks a potion.
Maggie is healed!
You hit Maggie.
Maggie is severely wounded.
Maggie gestures at you while chanting. The bolt of fire hits you. You resist.
You hit Maggie.
Maggie is severely wounded.
Maggie hits you with a +2 halberd of flaming!
You die...

#########
###........
#.).......#
#))~~~~~~.#
#@~##.##~.#
#@~# g.# #
#.~# .#
#.~# .#
#.~# # ..~~
.... ..#..


You could see Maggie (mesmerising).

Vanquished Creatures
  A steam dragon (D:7)
  2 ice beasts
  A sky beast (D:6)
  An orc warrior (D:6)
  A phantom (D:5)
  A necrophage (D:5)
  A bullfrog (D:7)
  2 scorpions
  3 jellies
  A gnoll bouda (D:7)
  2 orc priests
  3 hounds
  3 iguanas
  3 adders
  2 gnolls (D:7)
  A worm (D:2)
  3 dart slugs
  20 orcs
  11 ball pythons
  10 endoplasms
  A giant cockroach (D:1)
  9 hobgoblins
  4 jackals (D:1)
  7 kobolds
  A quokka (D:3)
  6 bats
  3 frilled lizards
  13 goblins
  6 rats
122 creatures vanquished.

Vanquished Creatures (others)
  A fungus (D:1)
1 creature vanquished.

Grand Total: 123 creatures vanquished

Notes
Turn   | Place    | Note
-------+----------+-------------------------------------------
     0 | D:1      | qw the Gargoyle Fighter began the quest for the Orb.
     0 | D:1      | Reached XP level 1. HP: 14/14 MP: 1/1
     0 | D:1      | 0 ||| qw: Version: 0.2-a-12-gaebbb33
     0 | D:1      | 0 ||| qw: Game counter: 982
     0 | D:1      | 0 ||| qw: Always use a shield: true
     0 | D:1      | 0 ||| qw: God list: Okawaru
     0 | D:1      | 0 ||| qw: Allow faded altars: false
     0 | D:1      | 0 ||| qw: Do Orc after D:15 true
     0 | D:1      | 0 ||| qw: Do second Lair branch before Depths: true
     0 | D:1      | 0 ||| qw: Lair rune preference: random
     0 | D:1      | 0 ||| qw: Plans: Normal, Zot:1-4, God:TSO, Crypt, Tomb,
                  | Pan, Slime:5, Hells, Abyss, Orb
     0 | D:1      | 0 ||| PLANNING D:1-11
    70 | D:1      | Reached skill level 2 in Axes
   311 | D:1      | Reached XP level 2. HP: 9/19 MP: 2/2
   590 | D:1      | Found a faded altar of an unknown god.
   755 | D:1      | Reached skill level 3 in Axes
   804 | D:1      | Reached XP level 3. HP: 22/23 MP: 3/3
  1058 | D:1      | 1058 ||| DROPPING +6 ring of intelligence.
  1059 | D:1      | 1059 ||| READING scroll labelled LEDEAPL WEYVAH.
  1060 | D:1      | 1060 ||| READING scroll labelled CEOQIM MOOPO.
  1061 | D:1      | 1061 ||| DRINKING 2 fuming golden potions.
  1162 | D:1      | 1162 ||| DROPPING potion of ambrosia.
  1733 | D:2      | 1733 ||| UPGRADING to +1 pair of gloves.
  1888 | D:2      | 1888 ||| UPGRADING to +4 ring of slaying {mikee}.
  1889 | D:2      | 1889 ||| READING scroll labelled AJORUA OXZURCH.
  1890 | D:2      | 1890 ||| READING scroll labelled QYUBRIFOM.
  1891 | D:2      | 1891 ||| DRINKING 2 pink potions.
  1996 | D:2      | 1996 ||| DROPPING potion of berserk rage.
  2109 | D:3      | Reached skill level 1 in Throwing
  2227 | D:3      | Found Mikk's Jewellery Emporium.
  2235 | D:3      | 2235 ||| SHOPLISTING +6 ring of dexterity (396 gold, have
                  | 112).
  2235 | D:3      | 2235 ||| SHOPLISTING amulet of the acrobat (330 gold, have
                  | 112).
  2235 | D:3      | 2235 ||| SHOPLISTING ring of willpower (275 gold, have
                  | 112).
  2311 | D:3      | 2311 ||| DROPPING +0 whip.
  2401 | D:3      | Reached XP level 4. HP: 27/28 MP: 4/4
  2516 | D:3      | Found a white marble altar of Elyvilon.
  2540 | D:3      | 2540 ||| Stepping ~*~*~tactically~*~*~ (stealth).
  2579 | D:3      | 2579 ||| Stepping ~*~*~tactically~*~*~ (stealth).
  2629 | D:3      | 2629 ||| Stepping ~*~*~tactically~*~*~ (stealth).
  2997 | D:3      | Found a glowing golden altar of the Shining One.
  2998 | D:3      | Found a bloodstained altar of Trog.
  3003 | D:3      | 3003 ||| READING scroll labelled AXZUWU PUBB.
  3008 | D:3      | 3008 ||| READING scroll labelled SULURGH JUINEORPH.
  3009 | D:3      | 3009 ||| DRINKING 4 glowing red potions.
  3010 | D:3      | 3010 ||| READING 3 scrolls of identify.
  3010 | D:3      | 3010 ||| IDENTIFYING bubbling cyan potion
  3011 | D:3      | 3011 ||| READING 2 scrolls of identify.
  3011 | D:3      | 3011 ||| IDENTIFYING murky silvery potion
  3012 | D:3      | 3012 ||| DROPPING potion of brilliance.
  3097 | D:4      | Noticed a scorpion
  3103 | D:4      | Killed a scorpion
  3104 | D:4      | Reached skill level 4 in Axes
  3104 | D:4      | Reached XP level 5. HP: 32/32 MP: 5/5
  3260 | D:4      | Identified the ring of Tos Cugu {Fire Str+3 Int+4 Dex+4}
  3465 | D:4      | Reached skill level 5 in Axes
  3508 | D:4      | Found a broken altar of Ashenzari.
  3700 | D:4      | 3700 ||| UPGRADING to +0 chain mail.
  3710 | D:4      | 3710 ||| DROPPING +0 scale mail.
  3711 | D:4      | 3711 ||| UPGRADING to ring of Tos Cugu {Fire Str+3 Int+4
                  | Dex+4}.
  3712 | D:4      | 3712 ||| READING scroll labelled EBRELIA ZUOMUS.
  3713 | D:4      | 3713 ||| READING 2 scrolls of identify.
  3713 | D:4      | 3713 ||| IDENTIFYING lumpy orange potion
  3714 | D:4      | 3714 ||| DROPPING potion of magic.
  3735 | D:5      | Entered Level 5 of the Dungeon
  3743 | D:5      | Reached XP level 6. HP: 36/37 MP: 6/6
  3754 | D:5      | Found a hazy altar of Hepliaklqana.
  3882 | D:5      | Reached skill level 1 in Dodging
  3883 | D:5      | 3883 ||| Stepping ~*~*~tactically~*~*~ (stealth).
  3898 | D:5      | 3898 ||| FLEEEEING.
  3899 | D:5      | 3899 ||| FLEEEEING.
  3900 | D:5      | 3900 ||| FLEEEEING.
  3901 | D:5      | 3901 ||| FLEEEEING.
  3902 | D:5      | 3902 ||| FLEEEEING.
  3903 | D:5      | 3903 ||| FLEEEEING.
  3904 | D:5      | 3904 ||| FLEEEEING.
  3905 | D:5      | 3905 ||| FLEEEEING.
  3906 | D:5      | 3906 ||| FLEEEEING.
  3907 | D:5      | 3907 ||| FLEEEEING.
  3908 | D:5      | 3908 ||| FLEEEEING.
  3909 | D:5      | 3909 ||| FLEEEEING.
  3910 | D:5      | 3910 ||| FLEEEEING.
  3911 | D:5      | 3911 ||| FLEEEEING.
  3912 | D:5      | 3912 ||| FLEEEEING.
  3913 | D:5      | 3913 ||| FLEEEEING.
  3914 | D:5      | 3914 ||| FLEEEEING.
  3915 | D:5      | 3915 ||| FLEEEEING.
  3916 | D:5      | 3916 ||| FLEEEEING.
  4042 | D:5      | 4042 ||| Stepping ~*~*~tactically~*~*~ (hiding).
  4044 | D:5      | 4044 ||| Stepping ~*~*~tactically~*~*~ (hiding).
  4056 | D:5      | 4056 ||| Stepping ~*~*~tactically~*~*~ (stealth).
  4059 | D:5      | Noticed an ice beast
  4071 | D:5      | Killed an ice beast
  4075 | D:5      | Reached XP level 7. HP: 20/44 MP: 7/7
  4332 | D:5      | Found a staircase to the Ecumenical Temple.
  4333 | D:5      | 4333 ||| PLANNING TEMPLE
  4333 | D:5      | 4333 ||| UPGRADING to scarf of resistance.
  4338 | D:5      | 4338 ||| READING scroll labelled XOEROT PURUU.
  4342 | Temple   | Entered the Ecumenical Temple
  4419 | Temple   | 4419 ||| PLANNING OKAWARU WORSHIP
  4524 | Temple   | Became a worshipper of Warmaster Okawaru
  4525 | Temple   | 4525 ||| PLANNING D:1-11
  4743 | D:5      | 4743 ||| DROPPING +2 hand axe of electrocution.
  4752 | D:5      | Reached skill level 6 in Axes
  5055 | D:5      | 5055 ||| Stepping ~*~*~tactically~*~*~ (hiding).
  5332 | D:6      | Reached skill level 7 in Axes
  5515 | D:6      | Reached * piety under Okawaru
  5516 | D:6      | Reached XP level 8. HP: 49/49 MP: 8/8
  5616 | D:6      | 5616 ||| INVOKING Heroism.
  5623 | D:6      | Reached skill level 1 in Invocations
  5718 | D:6      | Noticed Blork the orc
  5719 | D:6      | 5719 ||| INVOKING Heroism.
  5720 | D:6      | 5720 ||| INVOKING Heroism.
  5734 | D:6      | 5734 ||| FLEEEEING.
  5735 | D:6      | 5735 ||| FLEEEEING.
  5736 | D:6      | 5736 ||| FLEEEEING.
  6014 | D:6      | 6014 ||| INVOKING Heroism.
  6037 | D:6      | 6037 ||| FLEEEEING.
  6038 | D:6      | 6038 ||| FLEEEEING.
  6039 | D:6      | 6039 ||| FLEEEEING.
  6040 | D:6      | 6040 ||| FLEEEEING.
  6041 | D:6      | 6041 ||| FLEEEEING.
  6042 | D:6      | 6042 ||| FLEEEEING.
  6043 | D:6      | 6043 ||| FLEEEEING.
  6096 | D:6      | 6096 ||| FLEEEEING.
  6097 | D:6      | 6097 ||| FLEEEEING.
  6098 | D:6      | 6098 ||| FLEEEEING.
  6099 | D:6      | 6099 ||| INVOKING Heroism.
  6134 | D:6      | 6134 ||| FLEEEEING.
  6135 | D:6      | 6135 ||| FLEEEEING.
  6136 | D:6      | 6136 ||| FLEEEEING.
  6137 | D:6      | 6137 ||| FLEEEEING.
  6226 | D:6      | 6226 ||| FLEEEEING.
  6297 | D:6      | Found a shimmering blue altar of Sif Muna.
  6299 | D:6      | 6299 ||| UPGRADING to +0 helmet.
  6304 | D:6      | 6304 ||| READING scroll labelled GOSEGR LEMEO.
  6305 | D:6      | 6305 ||| FLEEEEING.
  6306 | D:6      | 6306 ||| FLEEEEING.
  6307 | D:6      | 6307 ||| FLEEEEING.
  6308 | D:6      | 6308 ||| FLEEEEING.
  6309 | D:6      | 6309 ||| FLEEEEING.
  6310 | D:6      | 6310 ||| FLEEEEING.
  6311 | D:6      | 6311 ||| FLEEEEING.
  6312 | D:6      | 6312 ||| FLEEEEING.
  6313 | D:6      | 6313 ||| FLEEEEING.
  6314 | D:6      | 6314 ||| FLEEEEING.
  6424 | D:6      | 6424 ||| DRINKING 2 clear potions.
  6425 | D:6      | 6425 ||| READING 2 scrolls of identify.
  6425 | D:6      | 6425 ||| IDENTIFYING fuming coppery potion
  6426 | D:6      | 6426 ||| DROPPING potion of degeneration.
  6498 | D:7      | Found an ancient bone altar of Kikubaaqudgha.
  6502 | D:7      | 6502 ||| Stepping ~*~*~tactically~*~*~ (hiding).
  6505 | D:7      | 6505 ||| Stepping ~*~*~tactically~*~*~ (hiding).
  6506 | D:7      | 6506 ||| Stepping ~*~*~tactically~*~*~ (hiding).
  6508 | D:7      | 6508 ||| Stepping ~*~*~tactically~*~*~ (stealth).
  6521 | D:7      | 6521 ||| INVOKING Heroism.
  6528 | D:7      | HP: 10/49 [gnoll/+0 flail[a gnoll bouda] (6)]
  6529 | D:7      | 6529 ||| READING scroll of teleportation.
  6529 | D:7      | HP: 3/49 [gnoll/+0 flail[a gnoll bouda] (7)]
  6530 | D:7      | 6530 ||| DRINKING potion of heal wounds.
  6704 | D:7      | 6704 ||| Stepping ~*~*~tactically~*~*~ (stealth).
  6707 | D:7      | 6707 ||| Stepping ~*~*~tactically~*~*~ (stealth).
  6708 | D:7      | 6708 ||| Stepping ~*~*~tactically~*~*~ (stealth).
  6722 | D:7      | Noticed Maggie
  6730 | D:7      | Reached skill level 8 in Axes
  6732 | D:7      | 6732 ||| INVOKING Heroism.
  6739 | D:7      | HP: 11/49 [Maggie/bolt of fire (2)]
  6740 | D:7      | Slain by Maggie

Levels and vault maps discovered:
D:1:      nzn_arrival_depleted_hourglass, layout_rooms,
          hellmonk_ecumenical_altar_slurped_away, dreamdust_mushroom_princess,
          minmay_distorted
D:2:      layout_loops_ring, serial_glass, glass_columns_a, glass_columns_a,
          kennysheep_potato
D:3:      layout_loops_corners, minitemple, serial_shops, shop_fountains,
          minmay_fractal_squares_diagonal_5
D:4:      layout_basic, nicolae_ashenzari_skybound
D:5:      layout_loops_ring, worldfamousw_hep_ancestral_shrine,
          temple_hall_moat, kennysheep_small_circle
D:6:      layout_loops_ring, tgw_sif
D:7:      layout_rooms, lemuel_crystal_altar, grunt_dithmenos_smoke_and_mirrors,
          enter_bailey_3, serial_glass, glass_columns_a, glass_columns_c,
          uniq_duvessa, uniq_maggie
Temple:   nicolae_temple_bog_church

Skill      XL: |  1  2  3  4  5  6  7  8 |
---------------+-------------------------+-----
Axes           | 2 3 4 5 7 8 |  8.1
Throwing       | 1 2 |  2.2
Dodging        | 1 |  1.2
Fighting       | 4 5 |  5.1
Invocations    | 2 |  2.0
Armour         | |  3.2
Shields        | |  3.2

Action                   |  1- 3 |  4- 6 |  7- 9 || total
-------------------------+-------+-------+-------++-------
Melee: War axe           |    86 |    63 |   104 ||   253
Throw: Boomerang         |    31 |     1 |       ||    32
       Javelin           |    19 |    39 |    25 ||    83
Invok: Heroism           |       |       |     6 ||     6
  Use: Scroll            |     4 |     6 |     4 ||    14
       Potion            |     2 |     1 |     2 ||     5
Armor: Scale mail        |    45 |    16 |       ||    61
       Chain mail        |       |    12 |    72 ||    84
Dodge: Dodged            |    48 |    21 |    35 ||   104
Block: Buckler           |    14 |     7 |    16 ||    37

Table legend:
 A = Non-vault XP
 B = Vault XP
 C = Vault XP percentage of total XP
 D = Non-vault monster count
 E = Vault monster count
 F = Vault count percentage of total count
                 A         B        C        D         E       F
            +---------+---------+-------+---------+---------+-------
      Total |    1705 |     181 |   9.6 |     103 |      19 |  15.6
            +---------+---------+-------+---------+---------+-------
        D:1 |      37 |       6 |  14.0 |      20 |       3 |  13.0
        D:2 |      17 |       5 |  22.7 |       9 |       3 |  25.0
        D:3 |      38 |      12 |  24.0 |      22 |       6 |  21.4
        D:4 |     195 |       0 |   0.0 |      16 |       0 |   0.0
        D:5 |     425 |     150 |  26.1 |      14 |       3 |  17.6
        D:6 |     646 |       0 |   0.0 |      16 |       0 |   0.0
        D:7 |     347 |       8 |   2.3 |       6 |       4 |  40.0
            +---------+---------+-------+---------+---------+-------
